 Dungeon Crawl Stone Soup version 0.31.0-32-g396128a36d (webtiles) character file.

Game seed: 831572687532003749

201 spaghetti the Magician (level 5, -6/42 HPs)
             Began as a Naga Summoner on Mar 9, 2024.
             Killed from afar by an orc wizard (8 damage)
             ... with a magic dart
             ... on level 3 of the Dungeon.
             The game lasted 00:06:48 (4296 turns).

spaghetti the Magician (Naga Summoner)              Turns: 4296, Time: 00:06:49

Health: -6/42      AC:  3    Str: 11    XL:     5   Next: 79%
Magic:  4/12       EV:  9    Int: 17    God:
Gold:   202        SH:  5    Dex: 11    Spells: 4/14 levels left

rFire   . . .        (no weapon)
rCold   + . .        k - +2 buckler
rNeg    . . .        a - +0 robe
rPois   +            (no helmet)
rElec   .            (no cloak)
rCorr   .            e - +0 pair of gloves
SInv    +            (no barding)
Will    .....        (no amulet)
Stlth   ++           (no ring)
HPRegen 0.27/turn    (no ring)
MPRegen 0.13/turn

%: no passive effects
@: mighty, short of breath, invisible, inugami summoned, very slow
A: AC +1, large, see invisible, deformed body, poison resistance, slowness 2,
spit poison 1, naga tail 1, cold resistance 1
a: Spit Poison


You were on level 3 of the Dungeon.
You visited 1 branch of the dungeon, and saw 4 of its levels.

You collected 202 gold pieces.

Inventory:

Hand Weapons
 l - a +0 quarterstaff
Armour
 a - a +0 robe (worn)
 e - a +0 pair of gloves (worn)
 k - a +2 buckler (worn)
Scrolls
 c - a scroll of fog
 d - 2 scrolls of torment
 h - a scroll of identify
 j - a scroll of teleportation
Potions
 b - a potion of magic
 i - a potion of brilliance


   Skills:
 - Level 1.5 Dodging
 - Level 3.0 Stealth
 + Level 5.1 Spellcasting
 + Level 4.1 Summonings
 + Level 0.9 Fire Magic


You had 4 spell levels left.
You knew the following spells:

 Your Spells              Type           Power      Damage    Failure   Level
a - Summon Small Mammal   Summ           72%        N/A       3%          1
b - Call Imp              Summ           36%        N/A       5%          2
c - Call Canine Familiar  Summ           18%        N/A       11%         3
d - Summon Blazeheart Go  Fire/Summ      13%        N/A       56%         4

Your spell library contained the following spells:

 Spells                   Type           Power      Damage    Failure   Level
 Summon Lightning Spire   Summ/Air       11%        N/A       65%         4
 Malign Gateway           Summ/Tloc      5%         N/A       100%        7
 Summon Horrible Things   Summ           9%         N/A       100%        8


Dungeon Overview and Level Annotations

Branches:
Dungeon (4/15)
 Temple: D:4-7

Altars:
Vehumet

Annotations:
D:4 1 transporter, Gadfly's ghost, amateur GrFi


Innate Abilities, Weirdness & Mutations

Your serpentine skin is tough. (AC +1)
You have supernaturally acute eyesight. (SInv)
Armour fits poorly on your strangely shaped body.
Your system is resistant to poisons. (rPois)
You cover ground very slowly.
You can spit poison.
You have a snake-like lower body.
Your flesh is cold resistant. (rC+)


Message History

Okay, then.
Okay, then.
Casting: Call Canine Familiar (dangerous; 11% risk of failure)
Confirm with . or Enter, or press ? or * to list all spells.
You call for your canine familiar and it appears with a howl!
You feel sick. You block the adder's attack.
The orc wizard hits you but does no damage.
You block the orc wizard's attack. The adder barely misses you.
Casting: Call Canine Familiar (dangerous; 11% risk of failure)
Confirm with . or Enter, or press ? or * to list all spells.
A tiny devil pulls itself out of the air.
You feel sick. The adder barely misses you.
The orc wizard casts a spell at you. The puff of flame hits you.
* * * LOW HITPOINT WARNING * * *
The orc wizard hits you with a +0 dagger.
* * * LOW HITPOINT WARNING * * *
Your inugami closely misses the orc wizard.
You fade into invisibility!
You feel sick. The adder bites you.
* * * LOW HITPOINT WARNING * * *
You block the orc wizard's attack.
Your cerulean imp misses the orc wizard.
You block the orc wizard's attack.
Your inugami barely misses the orc wizard.
Unknown command.
Unknown command.
Okay, then.
Okay, then.
Aiming: Spit Poison (1% risk of failure)
Press: ? - help, Shift-Dir - straight line, f - adder
Aim: an adder (unable to see you, ally target, 37% to hit)
The splash of poison hits the adder.
The adder is heavily wounded.
You feel sick.
You are no longer poisoned.
You block the adder's attack. The orc wizard casts a spell at you.
The magic dart hits you!
You die...

##.#.# #......#
#..#.....)..... ##.#.#
#.....######....#.........
##.#.# #.....#
#.......##<#...... .....#
#####.# #.##.......#.#...#
##.#.#♣♣♣♣♣#.#
#.###.#.####.#...#
#.#....♣P♣♣.###.# ###.#
#.#...# #.###.P..♣♣♣.)..# #.#
##.#...#
#.###♣♣...P♣#########.#
#.......
#....♣PP.P..♣.S@o5....#
#.##....
####.#♣♣♣♣..♣#o########
#.##..#. #.###♣♣♣...h# #...#
#.......
#.....♣..♣#####...####..#..#.
#######♣♣# #.......##..#..#.
#....)...........
#.......#.#.##...
###...##....##.##
#..............


You could see 2 orc wizards, an adder (unable to see you, ally target), a
friendly cerulean imp (summoned) and a friendly inugami (summoned).

Vanquished Creatures
  A nameless horror (D:3)
  An adder (D:2)
  A dart slug (D:3)
  2 orcs
  2 bats (D:3)
  A giant cockroach (D:2)
  2 goblins (D:1)
  2 hobgoblins (D:1)
  5 jackals
  2 kobolds (D:1)
  A quokka (D:1)
  A ball python (D:2)
  3 frilled lizards (D:1)
  2 rats
26 creatures vanquished.

Vanquished Creatures (collateral kills)
  A bombardier beetle (D:3)
  An orc wizard (D:4)
  4 adders
  A dart slug (D:1)
  A ribbon worm (D:3)
  5 orcs
  A ball python (D:1)
  4 bats
  3 endoplasms
  2 giant cockroaches
  6 goblins
  2 hobgoblins
  12 jackals
  A quokka (D:3)
  A frilled lizard (D:3)
  6 kobolds
  5 rats
56 creatures vanquished.

Grand Total: 82 creatures vanquished

Notes
Turn   | Place    | Note
-------+----------+-------------------------------------------
     0 | D:1      | spaghetti the Naga Summoner began the quest for the Orb.
     0 | D:1      | Reached XP level 1. HP: 15/15 MP: 3/3
   350 | D:1      | Reached XP level 2. HP: 22/22 MP: 5/5
   536 | D:1      | Reached skill level 3 in Spellcasting
   648 | D:1      | Reached XP level 3. HP: 25/28 MP: 7/7
   651 | D:1      | Learned a level 2 spell: Call Imp
   655 | D:1      | Learned a level 3 spell: Call Canine Familiar
  1465 | D:2      | Reached XP level 4. HP: 31/36 MP: 9/9
  1602 | D:2      | Reached skill level 4 in Spellcasting
  1705 | D:2      | Found a faded altar of an unknown god.
  2392 | D:3      | Found a radiant altar of Vehumet.
  2967 | D:3      | Reached skill level 5 in Spellcasting
  2967 | D:3      | Reached XP level 5. HP: 42/42 MP: 3/12
  2972 | D:3      | Learned a level 4 spell: Summon Blazeheart Golem
  3861 | D:3      | Gained mutation: Your flesh is cold resistant. (rC+)
                  | [potion of mutation]
  3995 | D:4      | Noticed Gadfly's ghost (amateur GrFi)
  3996 | D:4      | Found a transporter.
  4152 | D:4      | Noticed a nameless horror
  4213 | D:4      | Noticed a nameless horror
  4246 | D:3      | Killed a nameless horror
  4295 | D:3      | HP: 2/42 [adder (1)]
  4296 | D:3      | Killed from afar by an orc wizard

Illustrated notes

Levels and vault maps discovered:
D:1:      kennysheep_arrival_forest, layout_loops_ring, chequers_big_river,
          kennysheep_another_room
D:2:      layout_loops_ring, hellmonk_ecumenical_altar_lost_god
D:3:      layout_loops_cross, nicolae_vehumet_radiance, serial_forest,
          infiniplex_forest_end_2, infiniplex_forest_clump_small,
          infiniplex_forest_diagonal, infiniplex_forest_end_2,
          infiniplex_forest_clump_tiny, infiniplex_forest_clump_medium,
          infiniplex_forest_clump_double, minmay_misc_feat_hallway
D:4:      layout_cave_pools, grunt_qazlal_clouds, minmay_temple_entry_poolview,
          gammafunk_ghost_stat_death, serial_shops, shop, chequers_mini_garden,
          nicolae_shop_clearance

Skill      XL: |  1  2  3  4 |
---------------+-------------+-----
Spellcasting   | 3 5 |  5.1
Dodging        | |  1.5
Stealth        | |  3.0
Summonings     | |  4.1
Fire Magic     | |  0.9

Action                     |  1- 3 |  4- 6 || total
---------------------------+-------+-------++-------
  Melee: Unarmed           |    82 |   187 ||   269
         Punch             |       |     1 ||     1
   Cast: Summon Small Mamm |    23 |    26 ||    49
         Call Imp          |     6 |    21 ||    27
         Call Canine Famil |     5 |    20 ||    25
         Summon Blazeheart |       |     1 ||     1
Ability: Spit Poison       |     7 |     4 ||    11
    Use: Potion            |     2 |     7 ||     9
         Scroll            |       |     5 ||     5
   Stab: Sleeping          |     3 |     1 ||     4
 Armour: Robe              |    86 |   208 ||   294
  Dodge: Dodged            |    66 |   147 ||   213
  Block: Buckler           |       |    51 ||    51
